 Dungeon Crawl Stone Soup version 0.26-a0-1213-gd52f5182fe (webtiles) character file.

Game seed: 4500250257411464841

88 CowFu the Insei (level 4, -1/37 HPs)
             Began as a Draconian Transmuter on Dec 30, 2020.
             Slain by a gnoll
             ... wielding a +0 spear
              (4 damage)
             ... on level 3 of the Dungeon.
             The game lasted 00:02:07 (1901 turns).

CowFu the Insei (Draconian Transmuter)              Turns: 1901, Time: 00:02:08

Health: -1/37      AC:  6    Str: 12    XL:     4   Next: 30%
Magic:  7/7        EV: 12    Int: 14    God:
Gold:   182        SH:  0    Dex: 12    Spells: 6/7 levels left

rFire    . . .     SeeInvis .     - Unarmed
rCold    . . .     Faith    .   (no shield)
rNeg     . . .     Spirit   .   (armour unavailable)
rPois    .         Reflect  .   (helmet restricted)
rElec    .         Harm     .   h - +0 cloak
rCorr    .         Rampage  .   (no gloves)
Will     .....                  (no boots)
Stlth    +.........             (no amulet)
HPRegen  0.12/turn              (no ring)
MPRegen  0.10/turn              (no ring)

@: brilliant, very slightly contaminated
A: unfitting armour, cold-blooded, AC +5
a: no special abilities


You were on level 3 of the Dungeon.
You visited 1 branch of the dungeon, and saw 3 of its levels.

You collected 182 gold pieces.

Inventory:

Armour
 h - a +0 cloak (worn)
Jewellery
 c - an uncursed amulet of reflection {unknown}
 n - a +4 ring of protection {unknown}
Scrolls
 a - 2 scrolls of remove curse {unknown}
 e - a scroll of noise {unknown}
 j - 3 scrolls of identify {unknown}
 m - a scroll of teleportation {unknown}
 q - a scroll of enchant weapon {unknown}
Potions
 d - a potion of haste {unknown}
 f - a potion of invisibility {unknown}
 g - a potion of cancellation {unknown}
 i - a potion of might {unknown}
 k - a potion of resistance {unknown}
 l - 2 potions of brilliance
 o - a potion of degeneration {unknown}
 p - a potion of curing {unknown}
 r - a potion of heal wounds {unknown}


   Skills:
 + Level 2.3 Fighting
 + Level 2.5 Dodging
 + Level 3.6 Unarmed Combat
 - Level 2.0 Spellcasting
 + Level 2.9 Transmutations


You had 6 spell levels left.
You knew the following spells:

 Your Spells              Type           Power        Failure   Level
a - Beastly Appendage     Tmut           28%          7%          1

Your spell library contained the following spells:

 Spells                   Type           Power        Failure   Level
 Wereblood                Tmut           14%          11%         2
 Spider Form              Tmut/Pois      4%           36%         3
 Ice Form                 Ice/Tmut       8%           78%         4
 Blade Hands              Tmut           7%           89%         5


Dungeon Overview and Level Annotations

Branches:
Dungeon (3/15)

Altars:


Innate Abilities, Weirdness & Mutations

Your plain brown scales are hard. (AC +5)
You cannot fit into any form of body armour.
You are cold-blooded and may be slowed by cold attacks.


Message History

Casting: Beastly Appendage (safe; 7% risk of failure)
Confirm with . or Enter, or press ? or * to list all spells.
You miscast Beastly Appendage.
You are very lightly contaminated with residual magic.
Nothing appears to happen.
The gnoll hits you with a +0 spear.
* * * LOW HITPOINT WARNING * * *
You hit the gnoll.
The gnoll is almost dead.
The gnoll hits you but does no damage.
You barely miss the gnoll.
The gnoll is almost dead.
You feel sick.
You are no longer poisoned.
The gnoll hits you but does no damage.
It was a potion of brilliance.
You feel clever all of a sudden. The gnoll barely misses you.
It was a potion of magic.
Magic courses through your body. The gnoll hits you with a +0 spear.
You die...

### ########## ..#
##........## #.#
#..........## #.#
............## #.#
.............########.#
..............##......#
...............#.####<#
...............#@# ###
....8..8.......#g#
..........g....)g#
.......)....g..'.#
....8..8.......###
...............#
...............#
..............##
.............##


You could see a gnoll and a hobgoblin.

Vanquished Creatures
  2 adders
  2 gnolls
  2 worms
  4 leopard geckos
  An orc (D:3)
  3 bats
  2 giant cockroaches (D:2)
  2 hobgoblins (D:1)
  3 jackals (D:1)
  10 kobolds
  2 quokkas
  2 frilled lizards
  2 goblins
  4 rats
41 creatures vanquished.

Vanquished Creatures (others)
  8 plants (D:1)
8 creatures vanquished.

Grand Total: 49 creatures vanquished

Notes
Turn   | Place    | Note
-------+----------+-------------------------------------------
     0 | D:1      | CowFu the Draconian Transmuter began the quest for the Orb.
     0 | D:1      | Reached XP level 1. HP: 16/16 MP: 3/3
   215 | D:1      | Reached XP level 2. HP: 23/23 MP: 3/5
   684 | D:1      | Reached XP level 3. HP: 27/29 MP: 4/6
  1799 | D:3      | Reached XP level 4. HP: 32/36 MP: 5/7
  1901 | D:3      | Slain by a gnoll

Illustrated notes

Levels and vault maps discovered:
D:1:      evilmike_arrival_fibonacci_small, layout_basic, serial_forest,
          infiniplex_forest_end_double, infiniplex_forest_lined_3,
          infiniplex_forest_straight_1, infiniplex_forest_corner_2,
          infiniplex_forest_corner_2, infiniplex_forest_lined_3_way,
          infiniplex_forest_straight_3, infiniplex_forest_lined_room_2,
          infiniplex_forest_lined_corner, lexackson_kobold_supper
D:2:      layout_loops_cross
D:3:      kennysheep_big_flooded_room, layout_basic

Skill      XL: |  1  2  3 |
---------------+----------+-----
Dodging        | 2 |  2.5
Fighting       | 2 |  2.3
Unarmed Combat | |  3.6
Spellcasting   | |  2.0
Transmutations | |  2.9

Action                   |  1- 3 |  4- 6 || total
-------------------------+-------+-------++-------
Melee: Unarmed           |    93 |    18 ||   111
       Headbutt          |    12 |     1 ||    13
       Kick              |    16 |       ||    16
       Tailslap          |     6 |     1 ||     7
 Cast: Beastly Appendage |    26 |     1 ||    27
  Use: Potion            |       |     2 ||     2
 Stab: Sleeping          |     1 |       ||     1
Armor: Skin              |    24 |     6 ||    30
Dodge: Dodged            |    58 |    11 ||    69

Table legend: (Time is in decaauts)
 A = Elapsed time spent in this place.
 B = Non-inter-level travel time spent in this place.
 C = Inter-level travel time spent in this place.
 D = Time resting spent in this place.
 E = Time spent auto-exploring this place.
 F = Levels seen in this place.
 G = Mean time per level.
                   A        B        C        D        E       F      G
               +--------+--------+--------+--------+--------+-----+--------+
         Total |   1892 |   1822 |     70 |      0 |   1541 |   3 |  630.7 |
       Dungeon |   1892 |   1822 |     70 |      0 |   1541 |   3 |  630.7 |
               +--------+--------+--------+--------+--------+-----+--------+

Top non-repeatable levels by time:
     D:1: 1046 daAuts
     D:2: 602 daAuts
     D:3: 244 daAuts
